AoeStats
← 蒙面可达鸭

Arabia

507733490Analyzed
1v1 RM · 13d ago on Sep 19, 2026· 25m 57s· 2 players
Game mode
Random Map
Map size
Tiny (2 player)
Population
200
Speed
Normal
Resources
Standard
Victory
Conquest
Starting age
Dark Age
Ending age
Imperial Age
RankedLock teamsTeams togetherTeam positionsShared explorationLock speedFull tech treeHidden civsTurbo modeCheats
Victory
Defeat
🇯🇵 Spanish · Japan
1444
+14
🇨🇳 Wei · China
1398
-14
蒙面可达鸭
5:55 Loom
8:48 Feudal Age
9:41 Double-Bit Axe
10:31 Horse Collar
23:25 Fletching
24:49 Padded Archer Armor
zhao_web
6:56 Loom
9:47 Feudal Age
10:49 Double-Bit Axe
15:02 Horse Collar
15:25 Fletching
17:22 Padded Archer Armor
24:24 Castle Age
22:49 Gold Mining
22:50 Stone Mining
23:28 Scale Barding Armor
23:58 Bloodlines
24:39 Forging
Connection lost

Rejoining the realm…

Still unreachable

The connection could not be restored.

Session expired

The server has moved on; the page needs a fresh start.